 Dungeon Crawl Stone Soup version 0.30.0 (webtiles) character file.

Game seed: 1254187025711785638

4 Cotac the Grave Robber (level 1, 0/13 HPs)
             Began as a Human Necromancer on May 17, 2023.
             Slain by an adder (3 damage)
             ... on level 3 of the Dungeon.
             The game lasted 00:09:19 (339 turns).

Cotac the Grave Robber (Human Necromancer)           Turns: 339, Time: 00:09:20

Health: 0/13       AC:  2    Str:  8    XL:     1   Next: 66%
Magic:  0/3        EV: 12    Int: 15    God:
Gold:   11         SH:  0    Dex: 13    Spells: 3/4 levels left

rFire   . . .        e - +0 dagger
rCold   . . .        (no shield)
rNeg    . . .        a - +0 robe
rPois   .            (no helmet)
rElec   .            (no cloak)
rCorr   .            (no gloves)
SInv    .            (no boots)
Will    .....        (no amulet)
Stlth   ++           (no ring)
HPRegen 0.22/turn    (no ring)
MPRegen 0.08/turn

%: no passive effects
@: no status effects
A: no striking features
a: no special abilities


You were on level 3 of the Dungeon.
You visited 1 branch of the dungeon, and saw 3 of its levels.

You collected 11 gold pieces.

Inventory:

Hand Weapons
 c - a +0 club
 e - a +0 dagger (weapon)
Armour
 a - a +0 robe (worn)
Potions
 b - a potion of magic
 d - 2 potions of invisibility {unknown}


   Skills:
 + Level 2.0 Dodging
 + Level 2.1 Stealth
 + Level 2.0 Spellcasting
 + Level 4.1 Necromancy


You had 3 spell levels left.
You knew the following spells:

 Your Spells              Type           Power      Damage    Failure   Level
a - Necrotise             Necr           52%        1d6       4%          1

Your spell library contained the following spells:

 Spells                   Type           Power      Damage    Failure   Level
 Vampiric Draining        Necr           13%        2d6       12%         3
 Animate Dead             Necr           13%        N/A       38%         4
 Agony                    Necr           13%        N/A       75%         5


Dungeon Overview and Level Annotations

Branches:
Dungeon (3/15)

Altars:


Message History

Casting: Necrotise (safe; 4% risk of failure)
Confirm with . or Enter, or press ? or * to list all spells.
Aiming: Necrotise (safe; 4% risk of failure)
Press: ? - help, Shift-Dir - straight line, f - adder
Aim: an adder (chance to affect: 76%)
The adder writhes in agony.
The adder completely misses you. The adder misses you.
Casting: Necrotise (safe; 4% risk of failure)
Confirm with . or Enter, or press ? or * to list all spells.
Aiming: Necrotise (safe; 4% risk of failure)
Press: ? - help, Shift-Dir - straight line, f/p - adder
Aim: an adder (heavily wounded, chance to affect: 76%)
The adder writhes in agony.
The adder bites you.
You are poisoned.
The adder poisons you!
Casting: Necrotise (safe; 4% risk of failure)
Confirm with . or Enter, or press ? or * to list all spells.
Aiming: Necrotise (safe; 4% risk of failure)
Press: ? - help, Shift-Dir - straight line, f/p - adder
Aim: an adder (heavily wounded, chance to affect: 76%)
The adder writhes in agony.
You feel sick. The adder closely misses you. x2
You barely miss the adder.
The adder is almost dead.
You feel sick. The adder bites you but does no damage.
You feel sick. The adder bites you but does no damage.
You barely miss the adder.
The adder is almost dead.
You feel sick. The adder bites you but does no damage. The adder bites you.
You barely miss the adder.
The adder is almost dead.
You feel sick.
You are no longer poisoned.
The adder misses you.
You closely miss the adder.
The adder is almost dead.
The adder barely misses you.
You completely miss the adder.
The adder is almost dead.
The adder bites you.
You die...

#. #.#
##.########.#
##........##.#
.......#.##.#
.......#.##.#
#..#>..#.##.#
#.# #.....<.#
#S######.####
#@.......#
##########


You could see an adder.

Vanquished Creatures
  A goblin (D:1)
  A hobgoblin (D:2)
  2 rats
4 creatures vanquished.

Notes
Turn   | Place    | Note
-------+----------+-------------------------------------------
     0 | D:1      | Cotac the Human Necromancer began the quest for the Orb.
     0 | D:1      | Reached XP level 1. HP: 13/13 MP: 3/3
   188 | D:1      | You fall into a shaft and drop 1 floor!
   339 | D:3      | Slain by an adder

Illustrated notes

Levels and vault maps discovered:
D:1:      shiori_shiawase, layout_basic, minmay_door_square
D:2:      layout_loops_corners
D:3:      layout_loops_corners, nicolae_ashenzari_skybound,
          jmf_multi_god_temple2, nicolae_ru_sacrificial_ziggurat

Action                     || total
---------------------------++-------
  Melee: Dagger            ||    15
         Unarmed           ||     4
         Club              ||     2
   Cast: Necrotise         ||     8
 Armour: Robe              ||     5
  Dodge: Dodged            ||    16
